 Dungeon Crawl Stone Soup version 0.16-a0-3493-gd9d85f0 (webtiles) character file.

23 Grim the Stinger (level 3, -2/21 HPs)
             Began as an Octopode Venom Mage on Jan 4, 2015.
             Slain by a hobgoblin
             ... wielding a +0 club
             ... led by Robin
              (5 damage)
             ... on level 2 of the Dungeon.
             The game lasted 00:04:45 (1577 turns).

Grim the Stinger (Octopode Venom Mage)              Turns: 1577, Time: 00:04:45

Health: -2/21      AC:  2    Str:  7    XL:     3   Next: 0%
Magic:  6/6        EV: 12    Int: 18    God:
Gold:   55         SH:  0    Dex: 12    Spells: 2 memorised, 3 levels left

rFire  . . .     SeeInvis .       - Unarmed
rCold  . . .     Clarity  .     (no shield)
rNeg   . . .     SustAb   .     i - +1 hat
rPois  .         Gourm    .     (no amulet)
rElec  .         Spirit   .     (no ring)
rCorr  .         Warding  .     (no ring)
rMut   .         Stasis   .     (no ring)
MR     .....                    (no ring)
Stlth  +++.......               (no ring)
                                (no ring)
                                (no ring)
                                (no ring)

@: not resistant to hostile enchantments, fairly stealthy
A: almost no armour, amphibious, 8 rings, constrict 8, camouflage 1, gelatinous
body 1
a: no special abilities


You were on level 2 of the Dungeon.
You were not hungry.

You visited 1 branch of the dungeon, and saw 2 of its levels.

You collected 55 gold pieces.

Inventory:

Armour
 i - a +1 hat (worn)
Scrolls
 d - 2 scrolls of identify {unknown}
 e - a scroll of blinking {unknown}
 h - 4 scrolls of remove curse {unknown}
 j - a scroll of teleportation {unknown}
Potions
 a - a potion of curing {unknown}
Books
 b - a Young Poisoner's Handbook

   Spells                             Type                      Level
   a - Sting                          Conjuration/Poison           1
   b - Cure Poison                    Poison                       2
   c - Mephitic Cloud                 Conjuration/Poison/Air       3
   d - Olgreb's Toxic Radiance        Poison                       4
   e - Venom Bolt                     Conjuration/Poison           5
Comestibles
 c - a bread ration
 f - a meat ration
 g - a beef jerky


   Skills:
 - Level 2.0 Dodging
 - Level 2.6 Stealth
 + Level 1.3 Unarmed Combat
 - Level 2.0 Spellcasting
 + Level 5.5 Poison Magic


You had 3 spell levels left.
You knew the following spells:

 Your Spells              Type           Power        Failure   Level  Hunger
a - Sting                 Conj/Pois      ##..         8%          1    #......
b - Cure Poison           Pois           ###.......   2%          2    ###....


Dungeon Overview and Level Annotations

Branches:
Dungeon (2/15)

Altars:

Annotations:
D:2 Robin


Innate Abilities, Weirdness & Mutations

You cannot wear most types of armour.
You are amphibious.
You can wear up to eight rings at the same time.
You can use your tentacles to constrict many enemies at once.
Your skin changes colour to match your surroundings (Stealth).
Your rubbery body absorbs attacks (AC +1).


Message History

The hobgoblin hits you with a club.
A goblin comes into view.
The hobgoblin barely misses you.
Robin of the Strong Arm comes into view.
She is wielding an enchanted club.
The goblin wields a hunting sling.
The goblin shoots a stone.
The stone closely misses you. The hobgoblin barely misses you.
Robin says, "My goblins will feast on your bones."
Robin throws the goblin at you! The hobgoblin hits you with a club.
The goblin unwields an uncursed hunting sling.
The goblin barely misses you. The hobgoblin misses you. The goblin misses you.
The goblin misses you. The hobgoblin hits you with a club.
* * * LOW HITPOINT WARNING * * *
Robin says, "Feeling lonely?"
Robin hits you with an enchanted club!
* * * LOW HITPOINT WARNING * * *
A goblin comes into view.
The goblin barely misses you. The hobgoblin hits you with a club.
You die...

#...###..(......##
#..........[......
###...#.#.########
##..(.#.........
#....#.####.###
#....#.#..+
#..#.#.#..
#....#.#g##.#+##.
....#(g@g.......
.#.#+##g#+##. #.#
#.# #.# #.. ###


You could see Robin, a hobgoblin and 2 goblins.

Vanquished Creatures
  3 giant cockroaches (D:1)
  6 hobgoblins (D:1)
  2 bats
  3 giant newts (D:1)
  A goblin (D:1)
  3 kobolds (D:1)
  6 rats (D:1)
24 creatures vanquished.

Notes
Turn   | Place    | Note
--------------------------------------------------------------
     0 | D:1      | Grim, the Octopode Venom Mage, began the quest for the Orb.
     0 | D:1      | Reached XP level 1. HP: 11/11 MP: 3/3
    10 | D:1      | Reached skill level 5 in Poison Magic
   433 | D:1      | Reached XP level 2. HP: 17/17 MP: 4/4
  1000 | D:1      | Reached skill level 1 in Unarmed Combat
  1550 | D:2      | Learned a level 2 spell: Cure Poison
  1561 | D:2      | Reached XP level 3. HP: 19/21 MP: 6/6
  1573 | D:2      | Noticed Robin
  1577 | D:2      | Slain by a hobgoblin

Action                   || total
-------------------------++-------
Melee: Unarmed           ||    44
 Cast: Sting             ||     7
 Stab: Sleeping          ||     5
  Eat: Chunk             ||     2
